 Dungeon Crawl Stone Soup version 0.23-a0-164-g7711e572f3 (webtiles) character file.

19937 MirrMurr the Spear-Bearer (level 12, -4/86 HPs)
             Began as an Octopode Berserker on Sept 10, 2018.
             Was an Elder of Trog.
             Slain by a jumping spider (6 damage)
             ... on level 2 of the Lair of Beasts.
             The game lasted 00:33:52 (18651 turns).

MirrMurr the Spear-Bearer (Octopode Berserker)     Turns: 18651, Time: 00:33:52

Health: -4/86      AC:  1    Str: 16    XL:     12   Next: 74%
Magic:  12/12      EV: 11    Int:  9    God:    Trog [****..]
Gold:   785        SH:  0    Dex: 20    Spells: 11/11 levels left

rFire    . . .     SeeInvis .   a - +2 trident (flame)
rCold    . . .     Gourm    .   (no shield)
rNeg     + . .     Faith    .   (helmet restricted)
rPois    .         Spirit   .   (no amulet)
rElec    .         Reflect  .   x - ring of positive energy
rCorr    .         Harm     .   F - ring of stealth
MR       .....                  l - +3 ring of dexterity
Stlth    +++++++...             (no ring)
HPRegen  0.24/turn              (no ring)
MPRegen  0.13/turn              (no ring)
                                (no ring)
                                (no ring)

@: held
A: almost no armour, stealthy swim, amphibious, 8 rings, constrict 8, camouflage
1, gelatinous body 1
a: Berserk, Trog's Hand, Brothers in Arms, Renounce Religion


You were on level 2 of the Lair of Beasts.
You worshipped Trog.
Trog was greatly pleased with you.
You were not hungry.

You visited 3 branches of the dungeon, and saw 14 of its levels.

You collected 785 gold pieces.

Inventory:

Hand Weapons
 a - a +2 trident of flaming (weapon)
 b - a +0 hunting sling
 w - a +2 dagger of venom
Missiles
 d - 141 sling bullets
 e - 281 stones
 f - 58 poisoned needles
 s - 13 javelins (quivered)
Jewellery
 l - a +3 ring of dexterity (on tentacle)
 x - a ring of positive energy (left tentacle)
 F - a ring of stealth (right tentacle)
Wands
 y - a wand of enslavement (24)
 z - a wand of polymorph (8)
 A - a wand of iceblast (14)
 B - a wand of flame (18)
Scrolls
 i - a scroll of identify
 k - 2 scrolls of fog
 r - 7 scrolls of remove curse
 u - a scroll of enchant armour
 v - 2 scrolls of teleportation
Potions
 h - a potion of curing
 j - 3 potions of might
 m - a potion of ambrosia {unknown}
 n - a potion of agility {unknown}
 o - 3 potions of flight
 p - 2 potions of haste
 q - a potion of mutation
 t - 6 potions of heal wounds
 C - a potion of magic
 E - 3 potions of lignification
Comestibles
 c - 20 rations


   Skills:
 + Level 9.5 Fighting
 * Level 12.6 Polearms
 + Level 6.5 Slings
 + Level 9.4 Dodging
 + Level 12.1 Stealth


You had 11 spell levels left.
You didn't know any spells.
Your spell library was empty.

Dungeon Overview and Level Annotations

Branches:
Dungeon (11/15)            Temple (1/1) D:4            Lair (2/6) D:8
 Spider (0/4) Lair:2          Orc (0/2) D:10
  Swamp: Lair:2-4    Shoals: Lair:2-4

Altars:
Dithmenos
Elyvilon
Makhleb
Nemelex Xobeh
Okawaru
Ru
Sif Muna
Wu Jian
Xom
Zin

Shops:
D:10 }


Innate Abilities, Weirdness & Mutations

You cannot wear most types of armour.
You are very stealthy in the water. (Stealth+)
You are amphibious.
You can wear up to eight rings at the same time.
You can use your tentacles to constrict eight enemies at once.
Your skin changes colour to match your surroundings (Stealth+).
Your rubbery body absorbs attacks. (AC +1, EV +1)


Message History

The jumping spider bites you.
The jumping spider leaps!
You hit the jumping spider but do no damage.
The jumping spider is moderately wounded.
You constrict the jumping spider.
The jumping spider completely misses you.
The jumping spider bites you.
The jumping spider leaps!
You puncture the jumping spider! You burn the jumping spider.
You squeeze the jumping spider, but do no damage.
The jumping spider is severely wounded.
You constrict the jumping spider. The jumping spider pounces on you.
You are caught in a web!
The jumping spider bites you!
* * * LOW HITPOINT WARNING * * *
You struggle to detach yourself from the web.
You constrict the jumping spider. The jumping spider closely misses you.
The jumping spider bites you!
* * * LOW HITPOINT WARNING * * *
The jumping spider pounces on you!
* * * LOW HITPOINT WARNING * * *
The jumping spider bites you.
You die...

#.....##..> # ###..##...(
### ##.#.^^.. ..#
###....# .## ...^.# ..#
#s..# ..# ####...# ###
#.(ยง..# # ##.@s..#.. #
#.s........ #
###.........?.
############.............
#.##.#..##P..............
............#............
...........#.#...........
....)......###..........
............##.........


You could see 3 jumping spiders.

Vanquished Creatures
  Erolcha (D:10)
  A hydra (Lair:2)
  A two-headed ogre (D:10)
  Erica (D:9)
  An unseen horror (D:11)
  An ugly thing (D:11)
  A cyclops (D:11)
  2 black mambas
  A gargoyle (D:11)
  Joseph (D:8)
  A centaur skeleton (D:11)
  3 spiny frogs
  A rime drake (Lair:2)
  A komodo dragon (Lair:1)
  2 trolls
  4 polar bears (Lair:1)
  A hornet (D:11)
  A hippogriff (D:6)
  A wyvern (D:9)
  A redback (Lair:2)
  Grum (D:9)
  18 yaks
  2 hungry ghosts
  2 water moccasins
  7 porcupines
  Duvessa (D:5)
  2 black bears
  A hornet zombie (D:11)
  3 sky beasts
  7 orc warriors
  3 ice beasts
  3 wolves (D:9)
  2 phantoms
  9 ogres
  5 centaurs
  A crocodile (Lair:1)
  A big kobold (D:11)
  16 bullfrogs
  A wyvern zombie (D:9)
  Dowan (D:5)
  A water moccasin skeleton (D:6)
  5 scorpions
  16 killer bees
  2 wights (D:11)
  A howler monkey (D:8)
  An electric eel (D:9)
  A quasit (D:11)
  A centaur zombie (D:6)
  6 crimson imps
  3 bullfrog zombies
  4 hounds
  6 orc priests
  3 jellies (D:6)
  Crazy Yiuf (D:2)
  A bullfrog skeleton (D:4)
  8 orc wizards
  4 iguanas
  8 worker ants
  2 hound zombies
  A worker ant zombie (D:7)
  6 gnolls
  2 howler monkey skeletons
  8 adders
  4 shadow imps
  2 oozes
  2 adder zombies
  5 worms
  2 dart slugs
  4 leopard geckos
  54 orcs
  A ball python (D:2)
  4 bats
  7 giant cockroaches
  5 hobgoblins
  6 jackals
  8 quokkas
  4 frilled lizards
  6 goblins
  A jackal zombie (D:7)
  9 kobolds
  2 rats (D:2)
330 creatures vanquished.

Vanquished Creatures (others)
  2 fungi (D:8)
2 creatures vanquished.

Grand Total: 332 creatures vanquished

Notes
Turn   | Place    | Note
-------+----------+-------------------------------------------
     0 | D:1      | MirrMurr the Octopode Berserker began the quest for the
                  | Orb.
     0 | D:1      | Reached XP level 1. HP: 16/16 MP: 1/1
   457 | D:1      | Reached XP level 2. HP: 12/21 MP: 2/2
   458 | D:1      | Reached skill level 1 in Stealth
   768 | D:1      | Reached XP level 3. HP: 25/26 MP: 3/3
  1117 | D:2      | Reached ** piety under Trog
  1207 | D:2      | Reached XP level 4. HP: 31/31 MP: 4/4
  1271 | D:2      | Found a runed door.
  1275 | D:2      | Noticed Crazy Yiuf
  1282 | D:2      | Killed Crazy Yiuf
  1594 | D:2      | Found a burning altar of Makhleb.
  1606 | D:2      | Reached XP level 5. HP: 32/36 MP: 5/5
  2702 | D:3      | Reached XP level 6. HP: 25/43 MP: 6/6
  3164 | D:3      | Reached skill level 5 in Polearms
  3468 | D:4      | Reached XP level 7. HP: 43/48 MP: 7/7
  3516 | D:4      | Found a staircase to the Ecumenical Temple.
  3629 | Temple   | Entered the Ecumenical Temple
  3722 | D:4      | Reached *** piety under Trog
  4221 | D:5      | Entered Level 5 of the Dungeon
  4236 | D:5      | Reached skill level 5 in Stealth
  4405 | D:5      | Reached XP level 8. HP: 47/54 MP: 8/8
  4508 | D:5      | Found a sacrificial altar of Ru.
  4660 | D:5      | Reached skill level 5 in Fighting
  4660 | D:5      | Reached skill level 5 in Dodging
  4949 | D:5      | Noticed Duvessa
  4949 | D:5      | Noticed Dowan
  4959 | D:5      | Killed Duvessa
  4960 | D:5      | Killed Dowan
  5383 | D:6      | Received a gift from Trog
  5696 | D:6      | Reached XP level 9. HP: 62/62 MP: 9/9
  5824 | D:6      | Found a deep blue altar of Sif Muna.
  7607 | D:8      | Found an iron altar of Okawaru.
  7895 | D:8      | Reached skill level 1 in Slings
  7965 | D:8      | Reached XP level 10. HP: 69/69 MP: 10/10
  8021 | D:8      | Reached **** piety under Trog
  8605 | D:8      | Found an iron altar of Okawaru.
  8664 | D:8      | Found an ornate altar of the Wu Jian Council.
  9022 | D:8      | Found a staircase to the Lair.
  9366 | D:8      | Found a shadowy altar of Dithmenos.
  9367 | D:8      | Noticed Joseph
  9389 | D:8      | Killed Joseph
 10408 | D:9      | Found a sparkling altar of Nemelex Xobeh.
 10444 | D:9      | Reached skill level 10 in Polearms
 10454 | D:9      | HP: 4/106 [iguana (13)]
 10459 | D:9      | HP: 3/71 [poisoned by a killer bee]
 10776 | D:9      | Noticed an angel
 10778 | D:9      | Found a shimmering altar of Xom.
 10780 | D:9      | Found a glowing silver altar of Zin.
 11237 | D:9      | Noticed Grum
 11246 | D:9      | Killed Grum
 11919 | D:9      | Noticed Erica
 11934 | D:9      | Killed Erica
 11934 | D:9      | Reached skill level 10 in Stealth
 11934 | D:9      | Reached XP level 11. HP: 77/77 MP: 11/11
 11976 | D:9      | Found a white marble altar of Elyvilon.
 12179 | D:10     | Entered Level 10 of the Dungeon
 12435 | D:10     | Noticed a two-headed ogre
 12446 | D:10     | Killed a two-headed ogre
 13141 | D:10     | Noticed Erolcha
 13151 | D:10     | Killed Erolcha
 13444 | D:10     | Found a staircase to the Orcish Mines.
 13581 | D:10     | Found a sparkling altar of Nemelex Xobeh.
 13642 | D:10     | Found Darestam's Gadget Emporium.
 14164 | D:11     | Reached skill level 5 in Slings
 14175 | D:11     | Reached ***** piety under Trog
 14265 | D:11     | Noticed a purple ugly thing
 14652 | D:11     | Received a gift from Trog
 14960 | D:11     | Killed a purple ugly thing
 14960 | D:11     | Reached XP level 12. HP: 26/84 MP: 12/12
 15637 | Lair:1   | Entered Level 1 of the Lair of Beasts
 15748 | Lair:1   | Received a gift from Trog
 17871 | Lair:2   | Noticed an eight-headed hydra
 17882 | Lair:2   | Killed an eight-headed hydra
 18319 | Lair:2   | Found a hole to the Spider Nest.
 18556 | Lair:2   | Received a gift from Trog
 18651 | Lair:2   | HP: 2/86 [jumping spider (13)]
 18651 | Lair:2   | Slain by a jumping spider

Vault maps used:
D:1:      minmay_arrival_hallway
D:2:      bloody_makhleb, uniq_crazy_yiuf_cottage
D:4:      minmay_temple_entry_crystal_x
D:5:      kennysheep_little_box, first_ration, uniq_duvessa
D:6:      kennysheep_mini_moat, moated_statue, grunt_decor_cap,
          hangedman_decor_lopped, kennysheep_windowed_goal
D:8:      nicolae_dithmenos_the_darkroom, nicolae_overflow_crystal_walls,
          old_standard_altar, grunt_lair_entry_orc_guard_hut, basic_altar,
          grunt_pizzeria, uniq_joseph
D:9:      old_standard_altar, elyvilon_altar_1,
          grunt_temple_overflow_order_and_chaos_1, serial_bayou,
          serial_bayou_crossing, serial_bayou_pond_c, serial_bayou_shore_a,
          serial_bayou_shore_b, uniq_erica, uniq_grum
D:10:     david_orc_2, serial_shops, nicolae_shop_statue_plus, serial_glass,
          glass_columns_a, glass_columns_a, nemelex_diamond_rough_becter,
          uniq_erolcha
D:11:     grunt_ministairs_10, nzn_random_ring
Temple:   nicolae_temple_figure_eight
Lair:1:   cheibrodos_lair_lostbears, infiniplex_staircase_pool
Lair:2:   spider_nest_entry_funnel_web, serial_bayou_shore_b,
          serial_bayou_shore_b

Skill      XL: |  1  2  3  4  5  6  7  8  9 10 11 12 |
---------------+-------------------------------------+-----
Stealth        | 1 2 3 4 5 6 8 10 11 12 | 12.1
Polearms       | 4 5 6 7 9 10 11 12 | 12.6
Fighting       | 4 5 6 7 8 9 |  9.5
Dodging        | 4 5 6 7 8 9 |  9.4
Slings         | 1 4 5 6 |  6.5

Action                   |  1- 3 |  4- 6 |  7- 9 | 10-12 || total
-------------------------+-------+-------+-------+-------++-------
Melee: Spear             |    67 |       |       |       ||    67
       Constrict         |    22 |    18 |    42 |    71 ||   153
       Tentacles         |    11 |    14 |    43 |   138 ||   206
       Whip              |    10 |    65 |   175 |    63 ||   313
       Trident           |       |       |       |   495 ||   495
 Fire: Hunting sling     |       |    74 |   219 |   250 ||   543
Invok: Trog's Hand       |       |     1 |     3 |     8 ||    12
       Berserk           |       |       |     4 |    22 ||    26
  Use: Scroll            |     3 |     2 |     9 |    11 ||    25
       Potion            |       |       |       |     5 ||     5
 Stab: Sleeping          |    11 |       |       |     6 ||    17
       Distracted        |       |       |       |     4 ||     4
  Eat: Chunk             |     1 |     7 |    18 |    34 ||    60
       Ration            |       |       |     1 |     7 ||     8
Armor: Skin              |     5 |     3 |     4 |    12 ||    24
Dodge: Dodged            |    35 |    43 |   142 |   438 ||   658

Table legend:
 A = Non-vault XP
 B = Vault XP
 C = Vault XP percentage of total XP
 D = Non-vault monster count
 E = Vault monster count
 F = Vault count percentage of total count
                 A         B        C        D         E       F
            +---------+---------+-------+---------+---------+-------
      Total |   19517 |    8965 |  31.5 |     283 |      47 |  14.2
            +---------+---------+-------+---------+---------+-------
        D:1 |      41 |       0 |   0.0 |      19 |       0 |   0.0
        D:2 |     111 |      40 |  26.5 |      27 |       1 |   3.6
        D:3 |     256 |       0 |   0.0 |      23 |       0 |   0.0
        D:4 |     479 |       0 |   0.0 |      24 |       0 |   0.0
        D:5 |     485 |     223 |  31.5 |      13 |       2 |  13.3
        D:6 |    1042 |       0 |   0.0 |      19 |       0 |   0.0
        D:7 |    1308 |       0 |   0.0 |      26 |       0 |   0.0
        D:8 |    1117 |    1206 |  51.9 |      21 |       7 |  25.0
        D:9 |    2162 |    1467 |  40.4 |      31 |       5 |  13.9
       D:10 |    4041 |    1046 |  20.6 |      34 |       8 |  19.0
       D:11 |    1511 |    3592 |  70.4 |      18 |      19 |  51.4
     Lair:1 |    3021 |    1184 |  28.2 |      14 |       4 |  22.2
     Lair:2 |    3943 |     207 |   5.0 |      14 |       1 |   6.7
            +---------+---------+-------+---------+---------+-------
